[Event "*** Titled Tuesday Blitz"]
[Site "Chess.com"]
[Date "2020.04.07"]
[Round "2"]
[White "ajkom197"]
[Black "Vegan4future"]
[Result "1/2-1/2"]
[WhiteElo "2295"]
[BlackElo "2511"]
[TimeControl "180+1"]
[EndTime "13:20:13 PDT"]
[Termination "Game drawn by agreement"]

1. c4 e5 2. g3 Nc6 3. Bg2 Bc5 4. e3 d6 5. Ne2 Bf5 6. d4 exd4 7. exd4 Bb6 8. O-O Nge7 9. Nbc3 O-O 10. Be3 Re8 11.
Qd2 Qd7 12. Rfe1 Bh3 13. Bh1 Nf5 14. Nf4 Nxe3 15. fxe3 Bg4 16. a3 a5 17. Nfd5 Ba7 18. Bg2 Nd8 19. b4 c6 20. Nf4 Ne6 21. Nxe6 Rxe6 22.
b5 Rae8 23. a4 h6 24. h3 Bh5 25. Kh2 Bb8 26. bxc6 bxc6 27. d5 cxd5 28. Nxd5 Ba7 29. Nf4 Re5 30. Nxh5 Rxh5 31. e4 Rg5 32. Rad1 Bc5 33.
Qf4 Qxa4 34. h4 Rge5 35. Rd5 Qxc4 36. Rf1 R8e7 37. Rxe5 dxe5 38. Qf5 Qe6 39. Qf3 g6 40.
Rc1 Bd4 41. Qa3 Kg7 42. Qa4 Bf2 43. Qxa5 Qg4 44. Qc3 g5 45. hxg5 hxg5 46. Bh3 Qh5 47.
Rf1 Bd4 48. Qf3 Qh6 49. Qf5 Rb7 50. Kg2 Rb2+ 51. Kh1 Qg6 52. Qxg6+ Kxg6 53. Bg4 Rb3 54. Kg2 Rb2+ 55. Kh3 Rd2 56. Bf5+ Kg7 57. Kg4 f6 58. Rf3 Rb2 59. Ra3 Rb7 60. Ra6 Rc7 61. Rd6 Bf2 62. Rd7+ Rxd7 63. Bxd7 1/2-1/2

[Event "*** Titled Tuesday Blitz"]
[Site "Chess.com"]
[Date "2020.04.07"]
[Round "2"]
[White "IMJonathanCarlstedt"]
[Black "AnnaChessLook"]
[Result "1-0"]
[WhiteElo "2467"]
[BlackElo "2217"]
[TimeControl "180+1"]
[EndTime "13:20:13 PDT"]
[Termination "IMJonathanCarlstedt won by resignation"]

1. d4 Nf6 2. Bf4 g6 3. e3 Bg7 4. Nf3 O-O 5. Be2 d6 6. h3 Nc6 7.
O-O Ne4 8. c4 e5 9. Bh2 exd4 10.
exd4 Ng5 11. Nbd2 Nxd4 12. Nxd4 Bxd4 13. Qb3 Bg7 14. Nf3 Be6 15. Rab1 Rb8 16. Bf4 Ne4 17. Qc2 Bf5 18. Bd3 Re8 19. Rfe1 d5 20. cxd5 Qxd5 21. Rbd1 Qc5 22. Qxc5 Nxc5 23. Bxf5 gxf5 24. Bxc7 Rbc8 25. Rxe8+ Rxe8 26. b3 Rc8 27. Bf4 Ne6 28. Be3 a6 29. Rd2 Bf6 30. g3 Kg7 31. Kg2 b5 32. Rd6 a5 33. Ra6 Bc3 34. Nh4 Kf6 35. f4 Rc7 36.
Nf3 Rd7 37. Ne5 Rd1 38. Nd7+ Ke7 39. Ne5 Kf6 40. Nc6 Re1 41. Kf2 Ra1 42. a4 bxa4 43. bxa4 Rxa4 44. g4 fxg4 45. hxg4 Kg7 46. g5 Nxf4 47.
Bxf4 Rxf4+ 48. Kg3 Rf5 49. Kg4 Rc5 50. Ne7 Bd2 51.
Nf5+ Kf8 52. Ra8+ 1-0

[Event "*** Titled Tuesday Blitz"]
[Site "Chess.com"]
[Date "2020.04.07"]
[Round "2"]
[White "Noam_Vitenberg"]
[Black "hongnhung1234"]
[Result "0-1"]
[WhiteElo "2422"]
[BlackElo "2168"]
[TimeControl "180+1"]
[EndTime "13:20:14 PDT"]
[Termination "hongnhung1234 won by checkmate"]

1. e4 c5 2. Nf3 e6 3. d4 cxd4 4. Nxd4 Nc6 5. Nc3 Qc7 6. Be3 a6 7. g4 b5 8. Nxc6 Qxc6 9. Bg2 Bb7 10. O-O Be7 11. g5 h6 12. Qh5 O-O-O 13. Qxf7 hxg5 14.
Qf3 Rf8 15. Qe2 Nf6 16. Rfd1 Qc7 17. h3 g4 18. h4 Rxh4 19. Bg5 Rh5 20. Bxf6 Qh2+ 21.
Kf1 Rxf6 22. Qxg4 Bc5 23. Rd2 Be3 24. Qxg7 Rg5 25. Qxd7+ Kb8 26. Qd6+ Qxd6 27. Rxd6 Rxf2+ 28. Ke1 Rgxg2 29. Ne2 Rxe2+ 30. Kd1 Rd2+ 31. Rxd2 Rxd2+ 32. Ke1 Bxe4 33. Rd1 Rxd1+ 34. Kxd1 Bd4 35. c3 Bb6 36. Kc1 e5 37. a3 Bd5 38. b4 Bc4 39. Kb2 Kc7 40. a4 Kd6 41. axb5 axb5 42. Kc2 Kd5 43. Kc1 Ke4 44. Kd1 Kf3 45. Ke1 e4 46. Kd2 e3+ 47. Ke1 e2 48. Kd2 Kf2 49. Kc2 e1=Q 50.
Kb2 Qd2+ 51. Kb1 Bd3+ 52. Ka1 Qxc3+ 53. Ka2 Bc4+ 54. Kb1 Qb3+ 55. Kc1 Be3# 0-1

[Event "*** Titled Tuesday Blitz"]
[Site "Chess.com"]
[Date "2020.04.07"]
[Round "2"]
[White "1f3_2g41-0"]
[Black "canwedoit"]
[Result "1-0"]
[WhiteElo "2163"]
[BlackElo "2620"]
[TimeControl "180+1"]
[EndTime "13:20:15 PDT"]
[Termination "1f3_2g41-0 won by resignation"]

1. e4 c5 2. Nf3 Nc6 3. Bb5 g6 4. O-O Bg7 5. c3 Nf6 6. d4 cxd4 7. cxd4 Nxe4 8. d5 Nd6 9. Bd3 Nb4 10.
Re1 O-O 11. Nc3 Nxd3 12. Qxd3 Nf5 13. Bf4 d6 14. Rac1 Bd7 15. Ne4 Qb6 16. Ng3 Rac8 17.
Rxc8 Rxc8 18. b3 Nxg3 19. hxg3 Bf5 20. Qe2 Rc7 21. Be3 Qa5 22. Rd1 Rc2 23. Bd2 Qc7 24. Qb5 Rc5 25. Qe8+ Bf8 26. Ng5 e5 27. dxe6 fxe6 28.
Nxe6 Bxe6 29. Qxe6+ Qf7 30. Qe4 Qd5 31. Qg4 Qf5 32.
Qd4 Rd5 33. Qc4 b5 34. Qe2 Qe5 35. Be3 a6 36. Rxd5 Qxd5 37. Qd2 Qxd2 38. Bxd2 Kf7 39. Kf1 Ke6 40. Ke2 Kd5 41. Kd3 Bg7 42. g4 Bd4 43. f3 Bf2 44. Bb4 Bc5 45. Bc3 Bb6 46. Bb4 Bd8 47. Bd2 Bf6 48. Bf4 Be5 49. Be3 Ke6 50.
Ke4 d5+ 51. Kd3 Kd6 52. Bd2 Kc5 53. f4 Bf6 54. f5 gxf5 55. gxf5 h5 56. Be3+ Kb4 57.
Bd4 Be7 58. f6 Bf8 59. Bb2 a5 60. Kd4 a4 61. bxa4 bxa4 62. Kxd5 a3 63. Ba1 Bh6 64. f7 Bf8 65. Ke6 Kc4 66. Bf6 Kd3 67. Be7 Bh6 68. Bxa3 Ke2 69. Bd6 Kf2 70. g3 Ke2 71. a4 Kd3 72. a5 Kc4 73. a6 Be3 74. f8=Q 1-0

[Event "*** Titled Tuesday Blitz"]
[Site "Chess.com"]
[Date "2020.04.07"]
[Round "2"]
[White "FLamps8"]
[Black "kuli4ik"]
[Result "0-1"]
[WhiteElo "2528"]
[BlackElo "2793"]
[TimeControl "180+1"]
[EndTime "13:20:16 PDT"]
[Termination "kuli4ik won by resignation"]

1. d4 d5 2. c4 c6 3. Nf3 Nf6 4. e3 Bf5 5. Nc3 e6 6. Bd3 Bg6 7. O-O Nbd7 8. Qe2 Bb4 9. Bd2 Bxc3 10. Bxc3 O-O 11. Nd2 Bxd3 12. Qxd3 Re8 13. e4 dxe4 14. Nxe4 Nxe4 15. Qxe4 Qg5 16. Rfe1 Nf6 17. Qe5 Qxe5 18. Rxe5 Nd7 19. Ree1 b5 20. cxb5 cxb5 21. Ba5 Nf6 22. Rac1 Rac8 23. Kf1 Nd5 24. g3 Kf8 25. Ke2 Ke7 26. Kd3 Kd7 27. Bd2 a6 28. g4 h6 29. f3 Rh8 30. h4 h5 31. Rxc8 Kxc8 32. Rh1 Kd7 33. Ke4 Rc8 34. Rc1 Nf6+ 35. Kf4 Rh8 36. Rh1 hxg4 37. fxg4 g5+ 38. Kf3 gxh4 39. Bg5 Nd5 40. Rxh4 Rxh4 41. Bxh4 Nb4 42. a3 Nd3 43. b3 Nc1 44. b4 Nd3 45. Ke4 Nb2 46. d5 Nc4 47.
dxe6+ Kxe6 48. Kd4 Nxa3 49. Kc5 Nc4 50. Bg5 Ne5 51. Kb6 Kd5 52. Kxa6 Kc6 53. Bf4 Nxg4 54. Bg3 f5 55. Ka5 Ne3 56. Bf4 Nd5 57. Be5 f4 58. Bd4 f3 59. Ka6 Nxb4+ 60. Ka5 Nd3 61. Be3 f2 0-1

[Event "*** Titled Tuesday Blitz"]
[Site "Chess.com"]
[Date "2020.04.07"]
[Round "2"]
[White "stasiek18"]
[Black "Incognito_Knight"]
[Result "0-1"]
[WhiteElo "2409"]
[BlackElo "2712"]
[TimeControl "180+1"]
[EndTime "13:20:17 PDT"]
[Termination "Incognito_Knight won by resignation"]

1. d4 d5 2. Bf4 Nf6 3. e3 c5 4. Nf3 Nc6 5. c3 Qb6 6. Qc1 Bf5 7. Nbd2 e6 8. Nh4 Be4 9. f3 Bg6 10. Nxg6 hxg6 11. Rb1 Rc8 12. Qd1 Be7 13. g4 Qd8 14.
Bb5 a6 15. Bxc6+ Rxc6 16. O-O Bd6 17. Bxd6 Qxd6 18. f4 cxd4 19. exd4 Rh4 20. g5 Nh5 21. Nf3 Rg4+ 22. Kh1 Rxf4 23. Ne5 Rxf1+ 24. Qxf1 Rc7 25. Re1 Qe7 26. Qg2 Kd8 27. Qg4 Qe8 28. Rf1 Kc8 29. h3 Kb8 30. Kg1 Ka7 31. a3 Re7 32. Qf3 f6 33. gxf6 gxf6 34. Nd3 Qd8 35. Nc5 Qd6 36.
Kg2 Rh7 37. Qg4 f5 38. Qf3 g5 39. Nd3 g4 40. hxg4 fxg4 41. Qe3 g3 42. Ne5 Ng7 43. Rh1 Nf5 44. Qf4 Rxh1 45. Kxh1 Qe7 46. Kg2 Qh7 47. Nf3 Qh8 48. Qe5 Qh5 49. Qxe6 Nh4+ 50.
Nxh4 Qxh4 51. Qxd5 Qh2+ 52. Kf3 Qh1+ 0-1

[Event "*** Titled Tuesday Blitz"]
[Site "Chess.com"]
[Date "2020.04.07"]
[Round "2"]
[White "lachesisQ"]
[Black "johnathan113"]
[Result "0-1"]
[WhiteElo "3139"]
[BlackElo "2642"]
[TimeControl "180+1"]
[EndTime "13:20:18 PDT"]
[Termination "johnathan113 won on time"]

1. e4 c5 2. Nf3 g6 3. d4 cxd4 4.
Nxd4 Bg7 5. Nc3 Nc6 6. Be3 Nf6 7.
Bc4 O-O 8. Bb3 d5 9. exd5 Na5 10. O-O Nxb3 11. Nxb3 b6 12. Qf3 Bb7 13. Rad1 Rc8 14.
Bd4 Qd7 15. Rfe1 Rfd8 16. Qe2 Nxd5 17. Bxg7 Kxg7 18. Nxd5 Bxd5 19. Qe5+ Kg8 20. Qxe7 Qxe7 21. Rxe7 Bxb3 22. Rxd8+ Rxd8 23. h3 Bxa2 24. Rxa7 Be6 25. Rb7 Rd6 26. b3 Rd1+ 27. Kh2 Rd2 28. Rxb6 Rxc2 29.
f3 Rb2 30. b4 h5 31. h4 Kf8 32.
Kg1 Ke7 33. Kh2 Kd7 34. Kg3 Kc7 35. Rb5 Bd7 36. Rc5+ Kb6 37. Rc4 Be6 38. Rd4 Kb5 39. Rd8 Rxb4 40. Rb8+ Kc4 41. Rxb4+ Kxb4 42. Kf4 Kc3 43.
g4 Kd3 44. gxh5 gxh5 45. Kg5 Ke3 46. Kxh5 Kxf3 47. Kg5 f5 48. Kf6 f4 49. h5 Bb3 50.
h6 Bc2 51. Kg5 Kg3 0-1

[Event "*** Titled Tuesday Blitz"]
[Site "Chess.com"]
[Date "2020.04.07"]
[Round "2"]
[White "SavelijTartakover"]
[Black "Sibelephant"]
[Result "0-1"]
[WhiteElo "2622"]
[BlackElo "3153"]
[TimeControl "180+1"]
[EndTime "13:20:18 PDT"]
[Termination "Sibelephant won by resignation"]

1. d4 d5 2. c4 Nc6 3. Nc3 dxc4 4. Nf3 Nf6 5. Bg5 Nd5 6. e4 Nxc3 7. bxc3 Na5 8. Bxc4 Nxc4 9. Qa4+ c6 10. Qxc4 g6 11.
O-O Bg7 12. Qe2 O-O 13. Qe3 Re8 14. Bh6 Bh8 15. Rfd1 Be6 16. Ng5 Bc4 17. e5 f6 18. Ne4 Qd5 19. Bf4 Rad8 20. Rd2 Qe6 21. Nc5 Qc8 22. Re1 b6 23. Nd3 c5 24. h3 Qf5 25. g4 cxd4 26. cxd4 Qd7 27. Nc1 fxe5 28. Bxe5 Bxe5 29. Qxe5 Bd5 30. Ne2 Qd6 31. Nf4 Bf7 32.
f3 Qb4 33. Ree2 Rd6 34. Kf2 Qc4 35. h4 Rf6 36. h5 Qc1 37. Kg2 Qc4 38. hxg6 hxg6 39.
Kg3 Qc6 40. Rh2 Qd6 41. Rhe2 Kf8 42. Kg2 Rd8 43. Re3 Rxf4 44. Qh8+ Bg8 45. Rde2 Rf7 46. Qh6+ Ke8 47. Qh8 Kd7 48. Re5 Qf6 49. R2e3 Qxh8 0-1

[Event "*** Titled Tuesday Blitz"]
[Site "Chess.com"]
[Date "2020.04.07"]
[Round "2"]
[White "Ceejay271"]
[Black "Jbd735"]
[Result "1-0"]
[WhiteElo "2282"]
[BlackElo "2461"]
[TimeControl "180+1"]
[EndTime "13:20:20 PDT"]
[Termination "Ceejay271 won by checkmate"]

1. Nf3 d5 2. e3 Nf6 3. b3 c5 4. Bb2 Nc6 5. d4 e6 6. Be2 cxd4 7. exd4 Be7 8. O-O O-O 9. c4 dxc4 10. bxc4 b6 11. Nc3 Bb7 12. Rc1 Rc8 13. Qd2 Qd6 14. Rfd1 Rfd8 15. Nb5 Qb8 16. h3 a6 17. Nc3 Qa8 18.
Qe3 Na5 19. Na4 Qa7 20. d5 Nxd5 21. cxd5 Rxc1 22. Rxc1 Bxd5 23. Qxb6 Qxb6 24. Nxb6 Bxa2 25.
Ra1 Bc5 26. Na4 Nb3 27. Rxa2 Ba7 28. Nc3 Nd4 29. Nxd4 Bxd4 30. Rxa6 Rb8 31. Ra2 g6 32. Na4 Ba7 33. Be5 Rb1+ 34. Kh2 Bxf2 35. Bf3 Bg1+ 36.
Kg3 Be3 37. Bf4 Bg1 38. Be5 h5 39. h4 Kh7 40. Nc3 Rb3 41. Ne4 f5 42. Ng5+ Kh6 43.
Ra6 Bf2+ 44. Kxf2 Rxf3+ 45. gxf3 f4 46. Ne4 Kh7 47. Ra7+ Kh6 48. Bxf4+ g5 49. hxg5+ Kg6 50. Ra6 Kf5 51. Rxe6 Kxe6 52. Kg3 Kf5 53. Be3 Kg6 54. Kh4 Kh7 55. Kxh5 Kg7 56. g6 Kg8 57. Kh6 Kh8 58.
g7+ Kg8 59. Nf6+ Kf7 60. g8=Q+ Kxf6 61. Qg5+ Kf7 62. f4 Ke6 63. f5+ Ke5 64. f6+ Ke4 65. f7 Kd3 66. f8=Q Ke2 67. Bf4 Kd3 68. Qe5 Kc4 69.
Qd8 Kb4 70. Qec7 Kb5 71. Qdb8+ Ka6 72. Qca7# 1-0

[Event "*** Titled Tuesday Blitz"]
[Site "Chess.com"]
[Date "2020.04.07"]
[Round "2"]
[White "sofaceindisguise"]
[Black "Saloni1299"]
[Result "1-0"]
[WhiteElo "2639"]
[BlackElo "2167"]
[TimeControl "180+1"]
[EndTime "13:20:22 PDT"]
[Termination "sofaceindisguise won by checkmate"]

1. d4 Nf6 2. c4 g6 3. Nc3 d5 4.
cxd5 Nxd5 5. Bd2 Bg7 6. e3 O-O 7. Rc1 c6 8. e4 Nb6 9. Be3 e5 10. dxe5 Bxe5 11. Qc2 N8d7 12. f4 Bg7 13. Nf3 Nf6 14. h3 Nh5 15. Qf2 Bh6 16. g3 Be6 17. b3 Qe7 18. Bg2 Bg7 19. O-O Rfd8 20. e5 Rd3 21.
Bc5 Qd7 22. Rfd1 Rd8 23. Kh2 Rxd1 24. Rxd1 Qc8 25. Rxd8+ Qxd8 26. Ne4 Bd5 27. Nd6 Qc7 28. Qe3 Bf8 29. g4 Ng7 30. a4 Nd7 31. Ba3 c5 32.
Nb5 Qb6 33. Nd2 Bxg2 34. Kxg2 Ne6 35. Bb2 Qc6+ 36. Qf3 Qxf3+ 37. Kxf3 a6 38. Nc3 Nd4+ 39. Ke4 b5 40. Nd5 bxa4 41. Bxd4 cxd4 42. bxa4 Nc5+ 43. Kxd4 Nxa4 44. Nc4 Nc5 45. f5 gxf5 46. gxf5 Nb3+ 47. Kc3 Nc5 48. Na5 Nd7 49. Kd4 Bc5+ 50. Ke4 Ba3 51. f6 Bb2 52. Nc6 a5 53. Nxa5 Bxe5 54. Nc6 Bxf6 55. Kf5 Bg7 56. Nce7+ Kh8 57. Nc6 Nf8 58. Nd8 Kg8 59. Ne7+ Kh8 60. Nxf7# 1-0

[Event "*** Titled Tuesday Blitz"]
[Site "Chess.com"]
[Date "2020.04.07"]
[Round "2"]
[White "EugeneRougon"]
[Black "poliplaza"]
[Result "0-1"]
[WhiteElo "2703"]
[BlackElo "2367"]
[TimeControl "180+1"]
[EndTime "13:20:22 PDT"]
[Termination "poliplaza won on time"]

1. e4 c5 2. Nf3 e6 3. g3 Nc6 4.
Bg2 Nf6 5. Nc3 Qc7 6. O-O a6 7. d4 cxd4 8. Nxd4 Nxd4 9. Qxd4 Bc5 10. Qd3 Ng4 11. Qe2 Ne5 12. Kh1 h5 13. f4 Ng4 14. e5 Rb8 15. Ne4 Be7 16. h3 Nh6 17.
Qxh5 b5 18. Qe2 Bb7 19. g4 Rc8 20. c3 Qc4 21. Qxc4 Rxc4 22. Nf2 Bxg2+ 23. Kxg2 d6 24. exd6 Bxd6 25. Nd3 Ke7 26. Be3 Rhc8 27. Rae1 Ng8 28.
Bd4 Nf6 29. f5 Nd5 30. fxe6 fxe6 31. Bxg7 b4 32. cxb4 Rc2+ 33. Rf2 Nxb4 34. Nxb4 Bxb4 35. Ree2 Rxe2 36. Rxe2 Rc1 37. Be5 Bc5 38. a3 Rg1+ 39. Kf3 Rh1 40. Rh2 Rf1+ 41. Ke2 Rc1 42. g5 Bd4 43. Bf6+ Bxf6 44. gxf6+ Kxf6 45. Kd3 Rd1+ 46. Kc2 Rd5 47. h4 Kg6 48. b4 Kh5 49. Kc3 Rf5 50.
a4 Rf4 51. a5 Rxh4 0-1

[Event "*** Titled Tuesday Blitz"]
[Site "Chess.com"]
[Date "2020.04.07"]
[Round "2"]
[White "ClockworkKubrick"]
[Black "rubhani"]
[Result "0-1"]
[WhiteElo "2209"]
[BlackElo "2464"]
[TimeControl "180+1"]
[EndTime "13:20:22 PDT"]
[Termination "rubhani won by resignation"]

1. e4 c5 2. Nf3 d6 3. Nc3 Nf6 4. Bb5+ Bd7 5. O-O Bxb5 6. Nxb5 Nc6 7. d3 e6 8. h3 Be7 9. Be3 O-O 10. Qd2 a6 11. Nc3 b5 12. Rae1 Qc7 13. Nh2 d5 14. exd5 exd5 15. Bf4 Qd7 16. Bg5 d4 17. Ne4 Nxe4 18.
Rxe4 Bd6 19. Rfe1 f5 20. R4e2 Qc7 21. Nf3 h6 22. Bh4 Bf4 23. Qd1 g5 24. Bg3 Bxg3 25. fxg3 Rf6 26. Ne5 Nxe5 27. Rxe5 Raf8 28. Qh5 R8f7 29.
Kh2 c4 30. Re8+ Kg7 31. Ra8 f4 32. gxf4 Qxf4+ 33. Kh1 Qg3 34. Qd1 Rf2 35. Rg1 cxd3 36. Qxd3 Qxd3 37. cxd3 Rxb2 38. Rxa6 Rff2 39. Rd6 Rb4 40. a3 Rb3 41. Rxd4 Rxa3 42. Rb4 Rf5 43. Rgb1 Rxd3 44. Rxb5 Rf2 45. R5b2 Rdd2 46. Rxd2 Rxd2 47.
Kg1 Kg6 48. Rc1 Kf5 49. Rb1 h5 50. Rc1 h4 51. Rb1 Rd3 52. Rc1 Kf4 53. Rb1 Kg3 54.
Rc1 Rd2 55. Rb1 Rxg2+ 56. Kh1 Rh2+ 57. Kg1 Rxh3 58. Rb3+ Kg4 59. Rb4+ Kh5 60. Kg2 Rd3 61. Kh2 Rd2+ 62. Kg1 g4 63. Rb5+ Kg6 64. Rb4 Kf5 65.
Kh1 h3 66. Kg1 g3 67. Rb1 h2+ 68. Kh1 Kf4 69. Rb4+ Ke3 70. Re4+ Kf2 71. Re2+ Kxe2 0-1

[Event "*** Titled Tuesday Blitz"]
[Site "Chess.com"]
[Date "2020.04.07"]
[Round "2"]
[White "Kobalia"]
[Black "MITerryble"]
[Result "1-0"]
[WhiteElo "2609"]
[BlackElo "2891"]
[TimeControl "180+1"]
[EndTime "13:20:26 PDT"]
[Termination "Kobalia won on time"]

1. e4 e6 2. d3 d5 3. Nd2 Nf6 4. Ngf3 b6 5. c3 c5 6. e5 Nfd7 7. d4 Ba6 8. Bxa6 Nxa6 9. Nf1 Be7 10. Ng3 cxd4 11. cxd4 Rc8 12. a3 Qc7 13. Bd2 O-O 14. O-O b5 15. Ng5 Qc2 16. Nf3 Qxb2 17. Qe2 Nc7 18. a4 bxa4 19. Rxa4 a6 20. Rfa1 Nb6 21. R4a2 Qb5 22. Qe1 Nc4 23. Bg5 Qd7 24. Qd1 Rb8 25. Nh5 Rfc8 26. Qc1 Ne8 27. Qf4 a5 28. h4 Bf8 29.
Nh2 Qc7 30. Ng4 f5 31. exf6 Qxf4 32. Bxf4 g6 33. Ng7 Rb6 34. Nxe8 Rxe8 35. Ne5 Nxe5 36.
Bxe5 Bb4 37. Rc2 Rb7 38. Rac1 Rf8 39. Rc7 Rxc7 40. Rxc7 Rf7 41. Rc6 Rd7 42. Ra6 Kf7 43. g4 h6 44. g5 hxg5 45. hxg5 Rb7 46. Kg2 Rd7 47. Kf3 Rb7 48. Ke2 Rd7 49. Kd3 Rb7 50. Kc2 Rd7 51. Kb3 Rb7 52. Ka4 Bf8 53. Ra8 Rb4+ 54.
Kxa5 Rb7 55. f4 Rd7 56. Kb6 Bb4 57. Kc6 1-0

[Event "*** Titled Tuesday Blitz"]
[Site "Chess.com"]
[Date "2020.04.07"]
[Round "2"]
[White "SketchyMoves"]
[Black "platy3"]
[Result "1-0"]
[WhiteElo "2612"]
[BlackElo "2804"]
[TimeControl "180+1"]
[EndTime "13:20:26 PDT"]
[Termination "SketchyMoves won by resignation"]

1. e4 c5 2. Nf3 Nc6 3. Bb5 g6 4.
Bxc6 dxc6 5. d3 Bg7 6. h3 e5 7. a4 Qe7 8. a5 Nf6 9. Be3 Nd7 10. Nc3 Nf8 11. Na4 Ne6 12. Nd2 Rb8 13.
Nc4 O-O 14. b4 cxb4 15. Bxa7 Ra8 16. Be3 f5 17. Nab6 Ra6 18. Nxc8 Rxc8 19. O-O Rd8 20. Qb1 f4 21. Bb6 Rd7 22. f3 g5 23. Bf2 Nd4 24. Bxd4 Rxd4 25. Rd1 Bf8 26. Qb3 Kg7 27. Rab1 Qe6 28. c3 bxc3 29. Qxb7+ Rd7 30. Qxa6 c2 31. Qc8 Bc5+ 32. Kh1 Bd4 33. Nb6 Re7 34. Qxe6 Rxe6 35. Nc4 Re7 36. Rdc1 cxb1=Q 37. Rxb1 Ra7 38. Rb8 Kf7 39. Kh2 Ke6 40. h4 gxh4 41. Kh3 Bc3 42. Rb6 Bxa5 43.
Rxc6+ Ke7 44. Nxe5 Bc7 45. Nc4 Kd7 46. Rh6 Ra2 47.
Rxh7+ Kc6 48. Rxh4 Kc5 49. Rh5+ Kd4 50. Rd5+ Kc3 51. g3 fxg3 52. Ne3 Rh2+ 53. Kg4 Re2 54. Rc5+ Kxd3 55. Rxc7 Kxe3 56. Kxg3 Re1 57. Rc3+ Kd4 58. Ra3 Rg1+ 59. Kf4 Rh1 60. Ra4+ Kc5 61. Ra8 Kd4 62. Rd8+ Kc5 63. Rd2 Rh4+ 64. Kg5 Rh3 65. Kg4 Rh1 66. f4 Re1 67. Kf5 1-0

[Event "*** Titled Tuesday Blitz"]
[Site "Chess.com"]
[Date "2020.04.07"]
[Round "2"]
[White "sari07"]
[Black "Bastiandash"]
[Result "0-1"]
[WhiteElo "2383"]
[BlackElo "1945"]
[TimeControl "180+1"]
[EndTime "13:20:26 PDT"]
[Termination "Bastiandash won by checkmate"]

1. d4 Nf6 2. c4 e6 3. Nc3 Bb4 4. Qc2 b6 5. Nf3 Bb7 6. e3 O-O 7. Bd3 Bxc3+ 8. Qxc3 Ne4 9. Qc2 f5 10. Nd2 Nxd2 11. Bxd2 Bxg2 12. Rg1 Bb7 13. O-O-O Qf6 14. Bc3 d6 15. f4 g6 16. h4 Qxh4 17. Rd2 Rf7 18.
Rh2 Qe7 19. e4 Nd7 20. exf5 exf5 21. Kb1 Be4 22. d5 Nf6 23. Ka1 Bxd3 24. Qxd3 Re8 25. Qh3 Ng4 26. a3 Qe3 27. Qxe3 Rxe3 28. Rd2 Rfe7 29.
Ka2 Re1 30. Rg3 R1e3 31. Rgg2 R3e4 32. Kb3 Rxf4 33. Rde2 Rfe4 34. Rd2 Re3 35. Kb4 h5 36. Bd4 R3e4 37. Kb5 f4 38. Rd3 f3 39. Rg3 f2 40.
Rgf3 Rf7 41. Rxf7 Kxf7 42. Bxf2 Nxf2 43. Rf3+ Ke7 44. Rxf2 h4 45. b3 h3 46. Rf3 Rh4 47.
Rf1 h2 48. Rh1 g5 49. Kc6 Kd8 50. Kb7 g4 51. Kxa7 g3 52. a4 g2 53. Rxh2 Rxh2 54. a5 g1=Q 55. axb6 Qxb6+ 56. Ka8 Ra2# 0-1

[Event "*** Titled Tuesday Blitz"]
[Site "Chess.com"]
[Date "2020.04.07"]
[Round "2"]
[White "ZWISCHENZUGGED"]
[Black "THORK"]
[Result "0-1"]
[WhiteElo "2541"]
[BlackElo "2324"]
[TimeControl "180+1"]
[EndTime "13:20:28 PDT"]
[Termination "THORK won by resignation"]

1. d4 d5 2. c4 Bf5 3. cxd5 Bxb1 4. Qa4+ c6 5. Rxb1 Qxd5 6. Nf3 Nf6 7. g3 Nbd7 8. Bg2 Nb6 9. Qc2 e6 10. O-O Qf5 11. Qxf5 exf5 12. b3 g6 13. Bb2 Nfd5 14.
Rfd1 O-O-O 15. e3 f6 16. Ne1 Bg7 17. Nd3 Rhe8 18. a4 Ne7 19. Ba3 Bf8 20. Rbc1 Kb8 21. a5 Nbd5 22. Nc5 a6 23. Ne6 Rd7 24. h4 Bh6 25.
Nc5 Rdd8 26. Re1 Nc8 27. Bf1 Nd6 28. Kg2 Ka7 29. Nd3 Ne4 30. Bc5+ Kb8 31. Nf4 Bxf4 32. gxf4 h5 33. Ba3 g5 34. fxg5 fxg5 35. hxg5 Nxg5 36.
Bd3 Ne4 37. Rg1 h4 38. Bc4 h3+ 39. Kf3 h2 40. Rh1 Rh8 41. Bc5 Rdg8 42. Bxd5 cxd5 43. Bb6 Rh3+ 44. Ke2 Rg2 45. Rcf1 Ng3+ 46. Ke1 Nxf1 47. Kxf1 Rg1+ 48. Rxg1 hxg1=Q+ 49. Kxg1 Rh6 50. Bc5 Kc7 51. b4 Kc6 52. Kg2 Rg6+ 53. Kf3 Rg4 54. Ke2 Kb5 55.
Kf3 Kc4 56. Ke2 Kc3 57. Kf3 Kd3 58. Bd6 Rg6 59. Bc5 Rg7 60. Bd6 Rf7 61. Bc5 Kc4 62.
Bd6 Rd7 63. Bc5 Kd3 64. Kf4 Ke2 65. f3 Kd3 66. Bb6 Re7 67. Bc5 Rxe3 68. Kxf5 Rxf3+ 69. Ke5 Kc4 70. Kd6 Rf7 71. Ke6 Rh7 72. Kd6 Kb5 73.
Kxd5 Rd7+ 74. Ke4 Kc4 75. Ke5 Rd5+ 76. Ke6 Rxd4 77. Bxd4 Kxd4 78. Kd6 Kc4 79. Kc7 Kxb4 80. Kb6 Ka4 81. Kxb7 Kxa5 82. Kc6 Kb4 0-1

[Event "*** Titled Tuesday Blitz"]
[Site "Chess.com"]
[Date "2020.04.07"]
[Round "2"]
[White "florianschwabeneder"]
[Black "AyMitecK"]
[Result "1-0"]
[WhiteElo "2511"]
[BlackElo "2283"]
[TimeControl "180+1"]
[EndTime "13:20:31 PDT"]
[Termination "florianschwabeneder won on time"]

1. e4 g6 2. d4 Bg7 3. Nc3 c6 4.
Nf3 d5 5. h3 dxe4 6. Nxe4 Nf6 7. Nxf6+ exf6 8. Be2 O-O 9. O-O Na6 10. Be3 Nc7 11.
c4 Be6 12. Qd2 Re8 13. Rfd1 b5 14. d5 cxd5 15. cxb5 Bd7 16. Nd4 f5 17. Bf1 Bxd4 18. Qxd4 Bxb5 19. Bxb5 Nxb5 20. Qxd5 Qxd5 21. Rxd5 Nc7 22.
Rd7 Rec8 23. Rc1 Ne6 24. Rxc8+ Rxc8 25. Bxa7 Rc1+ 26. Kh2 Ra1 27. a3 Ra2 28. Rb7 g5 29.
Bb8 f6 30. Bd6 h5 31. Re7 Nd4 32. Bb4 Nc6 33. Re2 Nxb4 34. axb4 Ra6 35. Rc2 Rb6 36. Rc4 Kf7 37. h4 f4 38. f3 Kg6 39. Kg1 Kf5 40. hxg5 fxg5 41. Kf2 g4 42. b3 g3+ 43. Ke2 Kg6 44. Rxf4 Rc6 45. Rc4 Re6+ 46. Re4 Rb6 47. Ke3 Kg5 48. Re5+ Kg6 49. b5 h4 50. Kf4 Rd6 51. Kg4 Rd4+ 52. Kh3 Rd2 53. Rc5 Rb2 54. Rc6+ Kf5 55. Rc5+ Kf4 56. Rc4+ Ke3 57. Rxh4 Kf2 58. Rg4 Rxb3 59. Rxg3 Rxb5 60. f4 Rh5+ 61.
Kg4 Rh8 62. Rf3+ Kxg2 63. Ra3 Kf2 64. f5 Rg8+ 65. Kf4 Rb8 66. Ra2+ Ke1 67. f6 1-0

[Event "*** Titled Tuesday Blitz"]
[Site "Chess.com"]
[Date "2020.04.07"]
[Round "2"]
[White "mishanick"]
[Black "Hubbery"]
[Result "0-1"]
[WhiteElo "3006"]
[BlackElo "2629"]
[TimeControl "180+1"]
[EndTime "13:20:34 PDT"]
[Termination "Hubbery won by resignation"]

1. d4 Nf6 2. c4 e6 3. Nf3 d5 4.
Nc3 dxc4 5. e4 b5 6. e5 Nd5 7. Nxb5 Nb6 8. Be2 Nc6 9. a3 Be7 10. Be3 O-O 11. Qc2 Na5 12. h4 Bb7 13. Rd1 h6 14.
Rh3 Nd5 15. Bd2 a6 16. Nc3 Nb3 17. Bxh6 gxh6 18. Rg3+ Kh8 19. Bxc4 Rg8 20. Bxb3 Rxg3 21. fxg3 Ne3 22. Qd2 Ng4 23. Qf4 Qg8 24. d5 Bc5 25.
dxe6 fxe6 26. Rd7 Rf8 27. Qc4 Bf2+ 28. Ke2 Bxg3 29. Qxc7 Bxf3+ 30. gxf3 Nxe5 31. Bxe6 Nxd7 32. Qxd7 Re8 33. Qd4+ Qg7 34. Qd5 Qf6 35. Ne4 Qxe6 36. Qd4+ Qe5 37. Qc4 Bxh4 38. b4 Bf6 39. Qxa6 Bg7 40.
b5 Qb2+ 41. Ke3 Qd4+ 42. Ke2 Qc4+ 43. Ke3 Bd4+ 44. Kd2 Bg7 45. Ke3 Rd8 46. Qb6 Qc1+ 47. Kf2 Qb2+ 48. Kg3 Rg8 49. Kf4 Qe5+ 50. Ke3 Qb2 51. a4 Qb3+ 52. Kf4 Qxa4 53. Qc6 Qb4 54. b6 Qf8+ 55. Ke3 Qf7 56. b7 Qb3+ 57. Kf4 Qb2 58. Nd6 Qe5+ 59. Kg4 Bf8+ 60. Kh4 Bxd6 61. f4 Qxf4+ 0-1

[Event "*** Titled Tuesday Blitz"]
[Site "Chess.com"]
[Date "2020.04.07"]
[Round "2"]
[White "wang5ter"]
[Black "Kimster98"]
[Result "1-0"]
[WhiteElo "2276"]
[BlackElo "2475"]
[TimeControl "180+1"]
[EndTime "13:20:35 PDT"]
[Termination "wang5ter won on time"]

1. Nf3 b6 2. e3 Bb7 3. d4 Nf6 4. Bd3 e6 5. O-O c5 6. c4 Be7 7. Nc3 cxd4 8. exd4 d5 9. Bg5 dxc4 10. Bxc4 h6 11. Bh4 O-O 12. Re1 Nc6 13. a3 Na5 14. Ba2 Bxf3 15. Qxf3 Qxd4 16. Bg3 Qg4 17. Qd3 Rfd8 18.
Qc2 Rac8 19. h3 Qh5 20. Re5 g5 21. Rae1 Kg7 22. f4 Bd6 23. fxg5 hxg5 24. R5e3 Bc5 25. Be5 Nc6 26. Bxf6+ Kxf6 27. Ne4+ Kg7 28. Nxc5 bxc5 29. Qxc5 Nd4 30. Qe5+ Kg8 31. Rf1 Rc2 32. Kh1 Re2 33. Rxe2 Nxe2 34. Bc4 Nd4 35. Re1 Nc6 36. Qf6 Re8 37. Rf1 Qg6 38. Qxg6+ fxg6 39. Rf6 Kg7 40. Rxe6 Rc8 41. Rd6 Rc7 42. Bb5 Ne5 43. Rd5 Kf6 44. Rd6+ Ke7 45. Rd2 Rc1+ 46. Kh2 g4 47. Be2 gxh3 48.
gxh3 Rc5 49. Bg4 Rc4 50. Re2 Kf6 51. Kg3 Rc5 52. Bf3 Rc4 53. Rf2 Ke7 54. Bg4 Rd4 55.
Re2 Kf6 56. Rf2+ Ke7 57. Re2 Kf6 58. Re1 Rd3+ 59. Kh4 g5+ 60. Kh5 Ng6 61. Rf1+ Nf4+ 62. Kh6 Rd8 63. Kh7 Rb8 64. h4 Rb7+ 65. Kh6 1-0